 Dungeon Crawl Stone Soup version 0.27-a0-1202-ge72e49191c (webtiles) character file.

Game seed: 1683212609517448174

4111 mordus the Grappler (level 10, -4/98 HPs)
             Began as a Troll Monk on June 4, 2021.
             Slain by an orc warrior
             ... wielding a +0 halberd
              (18 damage)
             ... on level 8 of the Dungeon.
             The game lasted 00:09:13 (5436 turns).

mordus the Grappler (Troll Monk)                    Turns: 5436, Time: 00:09:14

Health: -4/98      AC:  4    Str: 28    XL:     10   Next: 6%
Magic:  9/9        EV: 10    Int:  6    God:
Gold:   417        SH:  0    Dex: 14    Spells: 9/9 levels left

rFire    . . .     SeeInvis .     - Unarmed
rCold    . . .     Faith    .   (no shield)
rNeg     . . .     Spirit   .   a - +0 robe
rPois    .         Reflect  .   (helmet restricted)
rElec    .         Harm     .   (no cloak)
rCorr    .         Rampage  .   (gloves unavailable)
Will     +....                  (boots unavailable)
Stlth    ++........             (no amulet)
HPRegen  1.26/turn              g - +6 ring of strength
MPRegen  0.11/turn              o - ring of willpower

@: no status effects
A: large, unfitting armour, claws 3, regeneration 1, shaggy fur 1, tough skin 1
a: no special abilities


You were on level 8 of the Dungeon.
You visited 2 branches of the dungeon, and saw 9 of its levels.

You collected 417 gold pieces.

Inventory:

Hand Weapons
 b - a +0 giant spiked club
 y - a +2 whip of flaming
Armour
 a - a +0 robe (worn)
Jewellery
 g - a +6 ring of strength (left claw)
 o - a ring of willpower (right claw)
Wands
 l - a wand of mindburst (24)
Scrolls
 c - a scroll of immolation {unknown}
 d - 8 scrolls of identify {unknown}
 e - a scroll of amnesia {unknown}
 i - a scroll of enchant armour {unknown}
 j - a scroll of fog {unknown}
 k - 3 scrolls of teleportation {unknown}
 m - a scroll of vulnerability {unknown}
 p - a scroll of enchant weapon {unknown}
 q - a scroll of brand weapon {unknown}
 s - 5 scrolls of magic mapping {unknown}
 u - a scroll of noise {unknown}
 x - a scroll of blinking {unknown}
 z - 2 scrolls of fear {unknown}
 A - a scroll of silence {unknown}
Potions
 f - a potion of heal wounds {unknown}
 h - 2 potions of flight {unknown}
 n - 2 potions of curing
 r - 2 potions of attraction {unknown}
 t - a potion of degeneration {unknown}
 v - 2 potions of haste {unknown}
 w - 2 potions of resistance {unknown}


   Skills:
 + Level 6.0 Fighting
 + Level 5.6 Maces & Flails
 + Level 5.2 Armour
 - Level 2.4 Dodging
 - Level 1.0 Stealth
 * Level 9.8 Unarmed Combat


You had 9 spell levels left.
You didn't know any spells.
Your spell library contained the following spells:

 Spells                   Type           Power      Damage    Failure   Level
 Animate Skeleton         Necr           0%         N/A       45%         1
 Apportation              Tloc           0%         N/A       45%         1
 Corona                   Hex            0%         N/A       45%         1
 Magic Dart               Conj           0%         1d3       45%         1
 Summon Small Mammal      Summ           0%         N/A       45%         1
 Searing Ray              Conj           0%         3d3       58%         2
 Dazzling Flash           Conj/Hex       0%         N/A       83%         3
 Fulminant Prism          Conj/Hex       0%         3d6       99%         4
 Iskenderun's Mystic Bla  Conj/Tloc      0%         2d3       99%         4


Dungeon Overview and Level Annotations

Branches:
Dungeon (8/15)             Temple (1/1) D:4
   Lair: D:8-11

Altars:
Ashenzari
Cheibriados
Dithmenos
Elyvilon
Fedhas
Gozag
Hepliaklqana
Kikubaaqudgha
Makhleb
Nemelex Xobeh
Okawaru
Qazlal
Ru
Sif Muna
Trog
Uskayaw
Vehumet
Wu Jian
Xom
Yredelemnul
Zin
The Shining One

Shops:
D:3 *   D:4 (   D:7 *

Portals:
Abyss: D:3

Annotations:
D:3 2 transporters, pablusdiablus's ghost, amateur GnWn


Innate Abilities, Weirdness & Mutations

You are too large for most types of armour.
You have claws for hands.
Your natural rate of healing is unusually fast.
You are covered in fur. (AC +1)
You have tough skin. (AC +1)


Message History

The orc warrior closely misses you.
The orc warrior hits you from afar with a +0 halberd.
You scratch the orc warrior.
The orc warrior is heavily wounded.
The orc warrior barely misses you.
The orc warrior hits you from afar with a +0 halberd!!
You scratch the orc warrior but do no damage.
The orc warrior is heavily wounded.
The orc warrior hits you with a +0 long sword.
You scratch the orc warrior.
The orc warrior is severely wounded.
The orc warrior hits you from afar with a +0 halberd!
The orc warrior barely misses you.
You are too injured to fight recklessly!
You are too injured to fight recklessly!
You scratch the orc warrior.
The orc warrior is severely wounded.
The orc warrior barely misses you.
You scratch the orc warrior but do no damage.
The orc warrior is severely wounded.
The orc warrior closely misses you.
The orc warrior hits you from afar with a +0 halberd!
You mangle the orc warrior!!
You kill the orc warrior!
The orc warrior hits you from afar with a +0 halberd!
The orc warrior hits you with a +0 halberd!!
* * * LOW HITPOINT WARNING * * *
You hear a shout!
Things that are here:
a +0 long sword; a +0 plate armour You scratch the orc warrior.
The orc warrior is lightly wounded.
You hear a shout! x4
You claw the orc warrior!
The orc warrior is severely wounded.
The orc warrior closely misses you.
You scratch the orc warrior but do no damage.
The orc warrior is severely wounded.
The orc warrior hits you with a +0 halberd!!
You die...

......# ##.#######
.........# ##.#####.#
#.# #.# ######### #.#
#.##########........
#.#
#..............#####
##.#
##############.#.#
##.#
#.........)@ooo#.#
##.# #.##....#####o.#
# ##.#
#.#........##..# .#.#
#.#.....##.##o.# .#.#
#.#.....##.##).#
.#.###.#.######.##o.#
...#...#.# #####.#
...#.###.##### o#
..>....#.....# .#


You could see an orc warrior and 3 orcs.

Vanquished Creatures
  2 two-headed ogres
  Pikel (D:7)
  Grinder (D:5)
  Eustachio (D:5)
  A wyvern (D:7)
  A water moccasin (D:6)
  A sky beast (D:6)
  A black bear (D:5)
  2 ice beasts
  2 orc warriors (D:8)
  A lemure (D:7)
  3 centaurs
  A kobold brigand (D:5)
  Blork the orc (D:5)
  5 scorpions
  A killer bee (D:8)
  A howler monkey (D:5)
  A bullfrog zombie (D:6)
  An orc priest (D:6)
  A bullfrog skeleton (D:6)
  3 hounds
  2 centaur skeletons
  An iguana (D:7)
  Robin (D:3)
  7 gnolls
  7 adders
  3 white imps
  An ufetubus (D:5)
  An adder skeleton (D:4)
  A worm (D:4)
  4 dart slugs
  20 orcs
  4 endoplasms
  A giant cockroach (D:4)
  7 goblins
  9 hobgoblins
  10 jackals
  13 kobolds
  5 quokkas
  10 ball pythons
  2 bats (D:3)
  2 frilled lizards (D:1)
  5 rats
148 creatures vanquished.

Notes
Turn   | Place    | Note
-------+----------+-------------------------------------------
     0 | D:1      | mordus the Troll Monk began the quest for the Orb.
     0 | D:1      | Reached XP level 1. HP: 22/22 MP: 0/0
   107 | D:1      | Reached XP level 2. HP: 29/29 MP: 1/1
   877 | D:2      | Reached XP level 3. HP: 35/36 MP: 2/2
  1215 | D:2      | Reached skill level 4 in Unarmed Combat
  1258 | D:2      | Reached XP level 4. HP: 41/44 MP: 3/3
  1609 | D:3      | Noticed Robin
  1623 | D:3      | Killed Robin
  1624 | D:3      | Reached skill level 1 in Maces & Flails
  1624 | D:3      | Reached skill level 1 in Armour
  1680 | D:3      | Found Coteapej's General Store.
  1745 | D:3      | Reached XP level 5. HP: 44/53 MP: 4/4
  1866 | D:3      | Found a one-way gate to the infinite horrors of the Abyss.
  1866 | D:3      | Noticed pablusdiablus's ghost (amateur GnWn)
  1891 | D:3      | Found a transporter.
  2066 | D:3      | Found a faded altar of an unknown god.
  2195 | D:3      | Found a transporter.
  2269 | D:4      | Found Muemn's Weapon Boutique.
  2410 | D:4      | Found a staircase to the Ecumenical Temple.
  2497 | D:4      | Reached skill level 5 in Unarmed Combat
  2497 | D:4      | Reached XP level 6. HP: 59/61 MP: 5/5
  2504 | D:4      | Identified the +2 leather armour of Knowledge {rElec Str+3
                  | Int+2}
  2541 | D:4      | Noticed a two-headed ogre
  2563 | D:4      | Killed a two-headed ogre
  2564 | D:4      | Reached skill level 6 in Unarmed Combat
  2564 | D:4      | Reached XP level 7. HP: 17/70 MP: 6/6
  2984 | D:5      | Entered Level 5 of the Dungeon
  3056 | D:5      | Reached XP level 8. HP: 78/78 MP: 7/7
  3110 | D:5      | Noticed Eustachio
  3110 | D:5      | Noticed Grinder
  3122 | D:5      | Killed Eustachio
  3123 | D:5      | Reached skill level 7 in Unarmed Combat
  3393 | D:5      | Paralysed by Grinder for 6 turns
  3442 | D:5      | Killed Grinder
  3615 | D:5      | Noticed Blork the orc
  3620 | D:5      | Killed Blork the orc
  3621 | D:5      | Reached skill level 8 in Unarmed Combat
  3699 | D:5      | Reached skill level 5 in Fighting
  3829 | D:6      | Reached XP level 9. HP: 83/88 MP: 8/8
  4375 | D:7      | Noticed Pikel
  4385 | D:7      | Found Zoiwnur's General Store.
  4397 | D:7      | Killed Pikel
  4398 | D:7      | Reached skill level 5 in Maces & Flails
  4398 | D:7      | Reached skill level 9 in Unarmed Combat
  4771 | D:7      | Found a blossoming altar of Fedhas.
  4774 | D:7      | Found a shimmering altar of Xom.
  4774 | D:7      | Found a sacrificial altar of Ru.
  4776 | D:7      | Found an ornate altar of the Wu Jian Council.
  4776 | D:7      | Found a glowing golden altar of the Shining One.
  4776 | D:7      | Found a glowing silver altar of Zin.
  4917 | Temple   | Entered the Ecumenical Temple
  5096 | D:8      | Noticed a two-headed ogre
  5105 | D:8      | Killed a two-headed ogre
  5106 | D:8      | Reached skill level 5 in Armour
  5193 | D:8      | Reached XP level 10. HP: 76/98 MP: 9/9
  5436 | D:8      | Slain by an orc warrior

Illustrated notes

Levels and vault maps discovered:
D:1:      lightli_arrival_windingriver, layout_basic
D:2:      minmay_skewed_foursquare, layout_basic, bh_walls_and_bars
D:3:      layout_loops_ring, ebering_ecumenical_altar_abandoned, serial_shops,
          shop, gammafunk_ghost_abyssal_escape, uniq_robin
D:4:      layout_gridville, temple_pool_b, serial_shops, shop
D:5:      layout_gridville, uniq_eustachio, uniq_grinder, uniq_blork_the_orc
D:6:      layout_basic
D:7:      layout_rooms, doesnt_xom_only_xom, serial_shops, nicolae_shop_trees,
          uniq_pikel
D:8:      layout_basic, special_room [special_room_orc], st_stairs_10
Temple:   grunt_wide_crystal_templ

Skill      XL: |  1  2  3  4  5  6  7  8  9 10 |
---------------+-------------------------------+-----
Unarmed Combat | 4 5 6 8 9 |  9.8
Fighting       | 3 4 5 6 |  6.0
Maces & Flails | 1 3 4 5 |  5.6
Armour         | 1 2 3 4 5 |  5.2
Dodging        | |  2.4
Stealth        | |  1.0

Action                   |  1- 3 |  4- 6 |  7- 9 | 10-12 || total
-------------------------+-------+-------+-------+-------++-------
Melee: Unarmed           |    90 |   114 |   198 |    17 ||   419
       Punch             |     1 |     1 |    11 |     1 ||    14
  Use: Potion            |       |     1 |     1 |       ||     2
 Stab: Sleeping          |     1 |     2 |     2 |       ||     5
Armor: Robe              |    33 |    14 |    54 |     1 ||   102
Dodge: Dodged            |    45 |    47 |   113 |    10 ||   215

Table legend: (Time is in decaauts)
 A = Elapsed time spent in this place.
 B = Non-inter-level travel time spent in this place.
 C = Inter-level travel time spent in this place.
 D = Time resting spent in this place.
 E = Time spent auto-exploring this place.
 F = Levels seen in this place.
 G = Mean time per level.
                   A        B        C        D        E       F      G
               +--------+--------+--------+--------+--------+-----+--------+
         Total |   5403 |   5078 |    325 |    162 |   3941 |   9 |  600.3 |
       Dungeon |   5334 |   5010 |    324 |    162 |   3890 |   8 |  666.8 |
        Temple |     68 |     68 |      0 |      0 |     51 |   1 |   68.0 |
               +--------+--------+--------+--------+--------+-----+--------+

Top non-repeatable levels by time:
     D:2: 947 daAuts
     D:4: 842 daAuts
     D:5: 739 daAuts
     D:3: 665 daAuts
     D:1: 610 daAuts
     D:6: 607 daAuts
     D:7: 586 daAuts
     D:8: 336 daAuts
  Temple: 68 daAuts
